AoeStats
← Skissue

Arabia

509140650Analyzed
1v1 RM · 7d ago on Sep 25, 2026· 23m 21s· 2 players
Game mode
Random Map
Map size
Tiny (2 player)
Population
200
Speed
Normal
Resources
Standard
Victory
Conquest
Starting age
Dark Age
Ending age
Imperial Age
RankedLock teamsTeams togetherTeam positionsShared explorationLock speedFull tech treeHidden civsTurbo modeCheats
Victory
Defeat
🇨🇦 Khmer · Canada
1204
+16
🇬🇧 Khmer · United Kingdom
1214
-16
Skissue
6:52 Loom
9:26 Feudal Age
10:20 Double-Bit Axe
10:16 Horse Collar
18:11 Castle Age
17:45 Gold Mining
19:01 Bloodlines
19:13 Scale Barding Armor
20:36 Gold Shaft Mining
21:03 Husbandry
23:40 Forging
SkulduggeryNow
9:52 Loom
11:37 Feudal Age
15:28 Castle Age
15:19 Double-Bit Axe
15:53 Horse Collar
20:50 Scale Barding Armor
21:36 Forging
22:36 Bloodlines
Connection lost

Rejoining the realm…

Still unreachable

The connection could not be restored.

Session expired

The server has moved on; the page needs a fresh start.